 Dungeon Crawl Stone Soup version 0.30-a0-900-g23479c02f2 (webtiles) character file.

Game seed: 14882533676379113495

81 buddhastalin the Poker (level 4, -1/35 HPs)
             Began as a Demonspawn Gladiator on Mar 18, 2023.
             Was an Initiate of Okawaru.
             Succumbed to a water moccasin's poison
             ... on level 3 of the Dungeon.
             The game lasted 00:03:56 (2205 turns).

buddhastalin the Poker (Demonspawn Gladiator)       Turns: 2205, Time: 00:03:57

Health: -1/35      AC: 11    Str: 14    XL:     4   Next: 20%
Magic:  4/4        EV:  7    Int: 11    God:    Okawaru [......]
Gold:   158        SH:  0    Dex: 21    Spells: 3/3 levels left

rFire   . . .      SeeInvis .    a - +0 trident
rCold   . . .      Faith    .    (no shield)
rNeg    . . .      Spirit   .    s - +0 chain mail
rPois   .          Reflect  .    c - +0 helmet
rElec   .          Rampage  .    b - +0 cloak
rCorr   .                        (no gloves)
Will    .....                    k - +0 pair of boots Stlth
                                 (no amulet)
HPRegen 0.25/turn                r - +6 ring of dexterity
MPRegen 0.09/turn                (no ring)

@: lethally poisoned (-1 -> -27)
A: demonic touch 1
a: Renounce Religion


You were on level 3 of the Dungeon.
You worshipped Okawaru.
Okawaru was noncommittal.
You visited 1 branch of the dungeon, and saw 3 of its levels.

You collected 158 gold pieces.

Inventory:

Hand Weapons
 a - a +0 trident (weapon)
Missiles
 d - 3 throwing nets
 e - 4 javelins
 h - 9 poisoned darts (quivered)
Armour
 b - a +0 cloak (worn)
 c - a +0 helmet (worn)
 k - a +0 pair of boots (worn)
 s - a +0 chain mail (worn)
Jewellery
 r - a +6 ring of dexterity (left hand)
Scrolls
 i - a scroll of identify {unknown}
 l - a scroll of fog {unknown}
 o - a scroll of brand weapon {unknown}
 p - a scroll of amnesia {unknown}
 q - a scroll of blinking {unknown}
Potions
 f - 2 potions of brilliance {unknown}
 g - a potion of lignification {unknown}
 j - a potion of might {unknown}
 m - a potion of degeneration {unknown}
 n - a potion of curing {unknown}


   Skills:
 * Level 3.2 Fighting
 * Level 3.5 Polearms
 - Level 1.7 Throwing
 + Level 3.1 Dodging
 + Level 0.2 Invocations


You had 3 spell levels left.
You didn't know any spells.
Your spell library was empty.

Dungeon Overview and Level Annotations

Branches:
Dungeon (3/15)

Altars:
Okawaru


Innate Abilities, Weirdness & Mutations

Your touch may inflict minor irresistible damage on your foes.


Message History

You are frozen.
You barely miss the endoplasm.
The endoplasm is moderately wounded.
The endoplasm freezes you.
You are frozen.
You puncture the endoplasm!
You kill the endoplasm!
Okawaru accepts your kill.
No target in view!
You start resting.
A water moccasin comes into view.
A water moccasin is nearby!
There is an open door here.
You see here a hobgoblin corpse.
Okay, then.
Okay, then.
The water moccasin barely misses you.
You puncture the water moccasin!
You touch the water moccasin!
The water moccasin is severely wounded.
The water moccasin bites you but does no damage.
You closely miss the water moccasin.
You touch the water moccasin.
The water moccasin is almost dead.
The water moccasin bites you.
The water moccasin bites you but does no damage.
You hit the water moccasin.
The water moccasin is almost dead.
The water moccasin bites you!
You are poisoned.
The water moccasin poisons you! The water moccasin bites you.
You are more poisoned.
The water moccasin poisons you!
You barely miss the water moccasin.
The water moccasin is almost dead.
* * * LOW HITPOINT WARNING * * *
You feel extremely sick. The water moccasin bites you.
* * * LOW HITPOINT WARNING * * *
You miss the water moccasin.
The water moccasin is almost dead.
You die...

#.......#######..#
##.....##........#
##.†.##.........# ##
#######'###.S########
.. ..........†..# ..
.............# ..
.............# ##
#######S###..#
#).@##..# #.....####
#.......# #.......#
#...!...# ###
##.....## #.# ##...##
#.##############
#....[.....<..#


You could see a water moccasin.

Vanquished Creatures
  2 adders
  A worm (D:2)
  A dart slug (D:2)
  An orc (D:3)
  4 bats
  6 endoplasms
  4 giant cockroaches
  8 goblins
  6 hobgoblins
  3 quokkas
  4 ball pythons
  3 frilled lizards
  8 kobolds
  2 rats
53 creatures vanquished.

Notes
Turn   | Place    | Note
-------+----------+-------------------------------------------
     0 | D:1      | buddhastalin the Demonspawn Gladiator began the quest for
                  | the Orb.
     0 | D:1      | Reached XP level 1. HP: 16/16 MP: 1/1
   223 | D:1      | Gained mutation: Your touch may inflict minor irresistible
                  | damage on your foes. [demonic ancestry]
   223 | D:1      | Reached XP level 2. HP: 17/22 MP: 2/2
   804 | D:2      | Reached XP level 3. HP: 27/28 MP: 3/3
  1736 | D:3      | Reached XP level 4. HP: 31/35 MP: 4/4
  1946 | D:3      | Found an iron altar of Okawaru.
  1949 | D:3      | Became a worshipper of Warmaster Okawaru
  2195 | D:3      | Noticed a water moccasin
  2205 | D:3      | Succumbed to a water moccasin's poison

Illustrated notes

Levels and vault maps discovered:
D:1:      evilmike_arrival_plus, layout_basic
D:2:      layout_basic, corexii_shack, nicolae_concentric_dashed_squares_mild
D:3:      kennysheep_six_static_rooms, layout_basic, lemuel_doored_altar,
          serial_bayou_pond_d

Skill      XL: |  1  2  3 |
---------------+----------+-----
Polearms       | 3 |  3.5
Dodging        | 3 |  3.1
Fighting       | 3 |  3.2
Throwing       | |  1.7
Invocations    | |  0.2

Action                     |  1- 3 |  4- 6 || total
---------------------------+-------+-------++-------
  Melee: Trident           |   116 |    21 ||   137
         Touch             |    17 |     2 ||    19
   Stab: Sleeping          |     1 |       ||     1
 Armour: Leather armour    |    36 |       ||    36
         Chain mail        |       |     3 ||     3
  Dodge: Dodged            |    65 |     7 ||    72

Table legend: (Time is in decaauts)
 A = Elapsed time spent in this place.
 B = Non-inter-level travel time spent in this place.
 C = Inter-level travel time spent in this place.
 D = Time resting spent in this place.
 E = Time spent auto-exploring this place.
 F = Levels seen in this place.
 G = Mean time per level.
                   A        B        C        D        E       F      G
               +--------+--------+--------+--------+--------+-----+--------+
         Total |   2224 |   2184 |     40 |     77 |   1725 |   3 |  741.3 |
       Dungeon |   2224 |   2184 |     40 |     77 |   1725 |   3 |  741.3 |
               +--------+--------+--------+--------+--------+-----+--------+

Top non-repeatable levels by time:
     D:2: 799 daAuts
     D:1: 785 daAuts
     D:3: 639 daAuts
